 Dungeon Crawl Stone Soup version 0.21.1-1-g345015f (webtiles) character file.

23 tyranidshit the Skirmisher (level 2, -4/25 HPs)
             Began as a Demonspawn Abyssal Knight on July 24, 2018.
             Was a Follower of Lugonu.
             Slain by Terence
             ... wielding a +3 flail of venom
              (5 damage)
             ... on level 2 of the Dungeon.
             The game lasted 00:03:17 (990 turns).

tyranidshit the Skirmisher (DsAK)                    Turns: 990, Time: 00:03:18

Health: -4/25      AC:  9    Str: 12    XL:     2   Next: 75%
Magic:  3/3        EV: 10    Int: 13    God:    Lugonu [*.....]
Gold:   53         SH:  0    Dex: 12    Spells: 1/1 levels left

rFire    + . .     SeeInvis .   a - +1 hand axe
rCold    . . .     Gourm    .   (no shield)
rNeg     . . .     Faith    .   g - +0 ring mail
rPois    .         Spirit   .   (helmet restricted)
rElec    .         Reflect  .   (no cloak)
rCorr    .         Harm     .   d - +0 pair of gloves
MR       .....                  l - +2 pair of boots
Stlth    +.........             (no amulet)
HPRegen  0.08/turn              (no ring)
MPRegen  0.08/turn              (no ring)

@: lethally poisoned (-4 -> -32), heavily drained
A: claws 1, horns 1, fire resistance 1, powered by death 1
a: Depart the Abyss, Renounce Religion


You were on level 2 of the Dungeon.
You worshipped Lugonu.
Lugonu was aware of your devotion.
You were not hungry.

You visited 1 branch of the dungeon, and saw 2 of its levels.
You visited the Abyss 1 time.

You collected 53 gold pieces.

Inventory:

Hand Weapons
 a - a +1 hand axe (weapon)
Armour
 b - a +0 leather armour
 d - a +0 pair of gloves (worn)
 g - a +0 ring mail (worn)
 l - a +2 pair of boots (worn)
Jewellery
 k - an uncursed amulet of harm
Scrolls
 f - 4 scrolls of identify
 h - a scroll of enchant armour {unknown}
Potions
 i - a potion of flight
Comestibles
 c - 2 rations


   Skills:
 + Level 4.1(2.5) Fighting
 - Level 1.7(0.3) Axes
 - Level 1.7(0.3) Armour
 - Level 0.8(0.0) Dodging
 - Level 2.4(0.9) Invocations


You had one spell level left.
You didn't know any spells.

Dungeon Overview and Level Annotations

Branches:
Dungeon (2/15)

Altars:

Annotations:
D:2 Terence


Innate Abilities, Weirdness & Mutations

You regenerate a little health from kills.
You have sharp fingernails.
You have a pair of small horns on your head.
Your flesh is heat resistant. (rF+)


Message History

Terence is almost dead.
You feel sick. Terence hits you but does no damage.
You are more poisoned.
Terence hits you but does no damage.
You hit Terence but do no damage. Your headbutt misses Terence.
Terence is almost dead.
You feel very sick. Terence closely misses you.
You barely miss Terence.
Terence is almost dead.
* * * LOW HITPOINT WARNING * * *
You feel sick. Terence hits you with a flail of venom.
* * * LOW HITPOINT WARNING * * *
You are more poisoned.
You hit Terence.
Terence is almost dead.
* * * LOW HITPOINT WARNING * * *
You feel very sick. Terence hits you with a flail of venom.
You die...

###.#...#.# #.#
#.#...### #.#
#.#.....########
#....##+........
#.......########
#.......#
#.......#
#.......#
#....@..#
#....@....#
##...........
#..>........
#...........
#...........
##.#####.... #.
....


You could see Terence.

Vanquished Creatures
  An adder (D:2)
  A dart slug (D:1)
  A ball python (D:2)
  2 bats
  2 goblins (D:1)
  2 hobgoblins (D:1)
  A kobold (D:1)
  3 rats (D:1)
13 creatures vanquished.

Notes
Turn   | Place    | Note
-------+----------+-------------------------------------------
     0 | Abyss:1  | tyranidshit the Demonspawn Abyssal Knight began the quest for the Orb.
     0 | Abyss:1  | Reached XP level 1. HP: 18/18 MP: 2/2
    36 | Abyss:1  | Noticed an ancient zyme
    50 | D:1      | Escaped the Abyss
   277 | D:1      | Reached * piety under Lugonu
   291 | D:1      | Gained mutation: You regenerate a little health from kills. [demonic ancestry]
   291 | D:1      | Reached XP level 2. HP: 14/24 MP: 3/3
   918 | D:2      | Reached skill level 4 in Fighting
   921 | D:2      | Gained mutation: Your flesh is heat resistant. (rF+) [potion of mutation]
   921 | D:2      | Gained mutation: You have a pair of small horns on your head. [potion of mutation]
   921 | D:2      | Gained mutation: You have sharp fingernails. [potion of mutation]
   972 | D:2      | Noticed Terence
   990 | D:2      | HP: 1/25 [poisoned by Terence]
   990 | D:2      | Slain by Terence

Skill      XL: |  1  2 |
---------------+-------+-----
Fighting       | 4 |  4.1
Axes           | |  1.7
Armour         | |  1.7
Dodging        | |  0.8
Invocations    | |  2.4

Action                   || total
-------------------------++-------
Melee: Hand axe          ||    70
       Headbutt          ||     4
Invok: Depart the Abyss  ||     1
  Use: Scroll            ||     2
       Potion            ||     4
Armor: Leather armour    ||    14
       Ring mail         ||    30
Dodge: Dodged            ||    49
